[Event "January 9 Late 2024"]
[Site "https://www.chess.com"]
[Date "2024.01.09"]
[Round "1"]
[White "Manukyan, Sargis A."]
[Black "Rose, Felix"]
[Result "1-0"]
[Board "194"]
[TimeControl "180+1"]
[WhiteFideId "13303970"]
[BlackFideId "5105722"]
[WhiteElo "2610"]
[BlackElo "2249"]
[WhiteTeam "ARM"]
[BlackTeam "MEX"]
[WhiteClock "0:00:13"]
[BlackClock "0:00:00"]

1. d4 Nf6 2. c4 e6 3. Nc3 d5 4. cxd5 exd5 5. Bg5 c6 6. e3 Be7 7. Bd3 Nbd7 8. Qc2 h6 9. Bf4 Nh5 10. Be5 Nxe5 11. dxe5 O-O 12. Nf3 g6 13. O-O Ng7 14. e4 d4 15. Ne2 c5 16. b4 b6 17. bxc5 bxc5 18. Nd2 Qc7 19. Nc4 Be6 20. f4 Bh4 21. Nd6 Be7 22. Nxd4 Bxd6 23. Nb5 Qb6 24. Nxd6 c4+ 25. Kh1 cxd3 26. Qxd3 Qb2 27. f5 Bxa2 28. f6 Ne8 29. Qe3 Kh7 30. Qf4 Rd8 31. Rad1 Nxd6 32. exd6 Be6 33. Rd3 Qb5 34. Rfd1 Rd7 35. e5 Rc8 36. h3 a5 37. Rd4 Bb3 38. Rb1 a4 39. Qe3 Qc5 40. Qd2 Qc2 41. e6 Qxb1+ 42. Kh2 fxe6 43. Rh4 1-0

[Event "January 9 Late 2024"]
[Site "https://www.chess.com"]
[Date "2024.01.09"]
[Round "1"]
[White "Rodriguez Dominguez, Melissa"]
[Black "Erdogan, Anil Berk"]
[Result "0-1"]
[Board "195"]
[TimeControl "180+1"]
[WhiteFideId "3517560"]
[BlackFideId "6348173"]
[WhiteElo "2249"]
[BlackElo "2608"]
[WhiteTeam "CUB"]
[BlackTeam "TUR"]
[WhiteClock "0:00:51"]
[BlackClock "0:01:49"]

1. e4 c6 2. c4 d5 3. exd5 cxd5 4. cxd5 Nf6 5. Qa4+ Nbd7 6. Nc3 g6 7. Nf3 Bg7 8. d4 O-O 9. Be2 Nb6 10. Qb3 Nfxd5 11. O-O Be6 12. Nxd5 Bxd5 13. Qe3 Rc8 14. Ne5 e6 15. f4 Nc4 16. Bxc4 Bxc4 17. Rd1 Bd5 18. Bd2 Rc2 19. b3 Qh4 20. Nf3 Bxf3 21. Qxf3 Bxd4+ 22. Kh1 Bxa1 23. Bb4 Bg7 24. Bxf8 Bxf8 25. g3 Qh5 26. Qxh5 gxh5 27. Rd7 Rxa2 28. Rxb7 a5 29. h4 Bb4 30. Rb5 Rb2 31. Rxh5 Rxb3 32. Rg5+ Kf8 33. Rh5 Kg7 34. Rg5+ Kh8 35. h5 h6 36. Rb5 a4 37. Rb7 Kg7 38. g4 a3 39. g5 hxg5 40. fxg5 Rh3+ 41. Kg2 Rxh5 42. Rxb4 Rxg5+ 43. Kf3 Ra5 44. Rb1 a2 45. Ra1 f5 0-1

[Event "January 9 Late 2024"]
[Site "https://www.chess.com"]
[Date "2024.01.09"]
[Round "1"]
[White "Zhu, Jiner"]
[Black "Harish, Neeraj"]
[Result "1-0"]
[Board "196"]
[TimeControl "180+1"]
[WhiteFideId "8608059"]
[BlackFideId "30958130"]
[WhiteElo "2608"]
[BlackElo "2248"]
[WhiteTeam "CHN"]
[BlackTeam "USA"]
[WhiteClock "0:00:14"]
[BlackClock "0:00:01"]

1. c4 e6 2. Nc3 d5 3. e3 Nf6 4. Nf3 Be7 5. b3 O-O 6. Bb2 c5 7. cxd5 Nxd5 8. Qc2 Bf6 9. a3 Nxc3 10. dxc3 Nc6 11. Bd3 g6 12. O-O b6 13. Rad1 Qe7 14. c4 Bb7 15. Be4 Rad8 16. h3 Bxb2 17. Qxb2 f5 18. Bxc6 Bxc6 19. Ne5 Bb7 20. b4 f4 21. Ng4 h5 22. Rxd8 Rxd8 23. Ne5 Qg5 24. e4 Bxe4 25. f3 Rd4 26. fxe4 Qxe5 27. bxc5 Qxc5 28. Kh1 Rxe4 29. Qf6 Qf5 30. Qd8+ Kg7 31. Rd1 Qf8 32. Rd7+ Kg8 33. Qg5 Re1+ 34. Kh2 Qf5 35. Qe7 Qe5 36. Qf7+ 1-0

[Event "January 9 Late 2024"]
[Site "https://www.chess.com"]
[Date "2024.01.09"]
[Round "1"]
[White "Andreassen, Lars"]
[Black "Yang, Kevin"]
[Result "0-1"]
[Board "197"]
[TimeControl "180+1"]
[WhiteFideId "1504878"]
[BlackFideId "30908485"]
[WhiteElo "2245"]
[BlackElo "2608"]
[WhiteTeam "NOR"]
[BlackTeam "USA"]
[WhiteClock "0:00:00"]
[BlackClock "0:00:08"]

1. d4 Nf6 2. Nf3 e6 3. Bg5 c5 4. e3 cxd4 5. exd4 Be7 6. Bd3 b6 7. O-O Bb7 8. Nbd2 d6 9. Re1 Nbd7 10. Qe2 h6 11. Bh4 O-O 12. Rad1 Re8 13. h3 Qc7 14. c3 a6 15. Ne4 Nd5 16. Bxe7 Rxe7 17. Bb1 Rae8 18. a3 f5 19. Ng3 Nf4 20. Qe3 Nd5 21. Qd3 N7f6 22. c4 Nf4 23. Qe3 g5 24. Ba2 Kf8 25. Qc3 b5 26. d5 Ng8 27. dxe6 Rxe6 28. Rxe6 Rxe6 29. Nxf5 Ne2+ 30. Kh1 Nxc3 31. bxc3 Bxf3 32. gxf3 Rf6 33. Nd4 bxc4 34. Re1 Kf7 35. Re4 d5 36. Re1 Qd7 37. Kg2 Qd6 38. Bb1 Qxa3 39. Bf5 Qxc3 40. Be6+ Kf8 41. Rd1 Ne7 42. Bg4 Ng6 43. Ne6+ Rxe6 44. Bxe6 Nf4+ 45. Kg3 Nxe6 46. Rd3 Qxd3 0-1

[Event "January 9 Late 2024"]
[Site "https://www.chess.com"]
[Date "2024.01.09"]
[Round "1"]
[White "Estrada Nieto, Julian"]
[Black "Chemin, Justo Reinaldo"]
[Result "1-0"]
[Board "198"]
[TimeControl "180+1"]
[WhiteFideId "5101018"]
[BlackFideId "2101580"]
[WhiteElo "2605"]
[BlackElo "2239"]
[WhiteTeam "ESP"]
[BlackTeam "BRA"]
[WhiteClock "0:02:29"]
[BlackClock "0:02:22"]

1. e4 e5 2. Nf3 Nc6 3. Bb5 a6 4. Ba4 Nf6 5. O-O Be7 6. Re1 b5 7. Bb3 O-O 8. a4 Rb8 9. axb5 axb5 10. c3 d6 11. h3 h6 12. d4 exd4 13. cxd4 d5 14. e5 Ne4 15. Nc3 Nxc3 16. bxc3 Be6 17. Qd3 b4 18. Bc2 bxc3 19. Qh7# 1-0

[Event "January 9 Late 2024"]
[Site "https://www.chess.com"]
[Date "2024.01.10"]
[Round "1"]
[White "Wang, Alexander J"]
[Black "Rodgers, Jack"]
[Result "0-1"]
[Board "199"]
[TimeControl "180+1"]
[WhiteFideId "30955270"]
[BlackFideId "3220885"]
[WhiteElo "2234"]
[BlackElo "2604"]
[WhiteTeam "USA"]
[BlackTeam "AUS"]
[WhiteClock "0:01:56"]
[BlackClock "0:01:38"]

1. e4 c5 2. Nf3 g6 3. d4 cxd4 4. Nxd4 Nc6 5. Nc3 Bg7 6. Be3 Nf6 7. f3 O-O 8. Bc4 d6 9. O-O Bd7 10. a3 a6 11. a4 Rc8 12. Bd5 Nxd5 13. exd5 Ne5 14. Nde2 Nc4 15. Bd4 Nxb2 16. Qb1 Bxd4+ 17. Nxd4 Qb6 18. Ne2 Nc4 19. Qxb6 Nxb6 20. Rab1 Nxd5 21. Rxb7 Bxa4 22. Ra1 Bxc2 23. Nxc2 Rxc2 24. Nd4 Rc4 25. Rd1 Rfc8 0-1

[Event "January 9 Late 2024"]
[Site "https://www.chess.com"]
[Date "2024.01.09"]
[Round "1"]
[White "Ozdemir, Serhan Berat"]
[Black "Jose Iraeta, Alejandro"]
[Result "1-0"]
[Board "200"]
[TimeControl "180+1"]
[WhiteFideId "6374611"]
[BlackFideId "2226537"]
[WhiteElo "2601"]
[BlackElo "2227"]
[WhiteTeam "TUR"]
[BlackTeam "ESP"]
[WhiteClock "0:00:08"]
[BlackClock "0:00:09"]

1. e4 e5 2. Nf3 d5 3. Nxe5 Bd6 4. d4 dxe4 5. Bc4 Bxe5 6. dxe5 Qxd1+ 7. Kxd1 Nc6 8. Nc3 Bg4+ 9. Ke1 O-O-O 10. Bxf7 Nxe5 11. Bb3 Nf6 12. h3 Bh5 13. Be3 a6 14. Ne2 Rhe8 15. Ng3 Bf7 16. Bxf7 Nxf7 17. Ke2 Nd5 18. Rad1 g6 19. c4 Nb4 20. a3 Nc6 21. Rxd8+ Kxd8 22. Rd1+ Kc8 23. b3 Na5 24. Rb1 Ne5 25. Bd2 Nac6 26. Bc3 Nd3 27. Ke3 b6 28. b4 g5 29. Rf1 Nf4 30. Rg1 h5 31. Nxe4 g4 32. hxg4 hxg4 33. Kxf4 Rf8+ 34. Ke3 Re8 35. f3 gxf3 36. gxf3 Kb7 37. Rg7 Re6 38. f4 Nd8 39. f5 Re8 40. Kf4 Kc6 41. b5+ axb5 42. cxb5+ Kxb5 43. Rxc7 Nc6 44. Nd6+ 1-0

[Event "January 9 Late 2024"]
[Site "https://www.chess.com"]
[Date "2024.01.09"]
[Round "1"]
[White "Garcia Correa, Jose Ricardo"]
[Black "Shubenkova, Veronika"]
[Result "0-1"]
[Board "201"]
[TimeControl "180+1"]
[WhiteFideId "5101832"]
[BlackFideId "44124040"]
[WhiteElo "2221"]
[BlackElo "2599"]
[WhiteTeam "MEX"]
[BlackTeam "RUS"]
[WhiteClock "0:01:04"]
[BlackClock "0:02:14"]

1. e4 e6 2. d4 d5 3. Nc3 Nf6 4. Bg5 Be7 5. e5 Nfd7 6. h4 h6 7. Bxe7 Qxe7 8. Qg4 O-O 9. O-O-O a6 10. f4 f5 11. Qf3 c5 12. Nge2 cxd4 13. Nxd4 Nc6 14. g4 Nxd4 15. Rxd4 fxg4 16. Qxg4 Rf7 17. Bd3 Nf8 18. Rg1 Qc5 19. Ne2 Bd7 20. Qh5 Rc8 21. Qxh6 Bb5 22. Kd1 Bxd3 23. cxd3 Qc2+ 24. Ke1 Qxb2 25. f5 Rc2 26. Qe3 Rxe2+ 27. Qxe2 Qxd4 28. Rg4 Qa1+ 29. Kd2 Qxa2+ 30. Ke3 Qxe2+ 31. Kxe2 Rxf5 0-1

[Event "January 9 Late 2024"]
[Site "https://www.chess.com"]
[Date "2024.01.09"]
[Round "1"]
[White "O`Gorman, Tom"]
[Black "Svicevic, Rastko"]
[Result "1-0"]
[Board "202"]
[TimeControl "180+1"]
[WhiteFideId "2508249"]
[BlackFideId "916315"]
[WhiteElo "2598"]
[BlackElo "2221"]
[WhiteTeam "IRL"]
[BlackTeam "SRB"]
[WhiteClock "0:00:36"]
[BlackClock "0:00:00"]

1. Nf3 d5 2. c4 c6 3. e3 e6 4. Nc3 f5 5. h3 Nf6 6. b3 Bd6 7. Bb2 O-O 8. d3 e5 9. a3 Kh8 10. Be2 Be6 11. O-O Nbd7 12. Rc1 e4 13. Nd4 Qe7 14. cxd5 cxd5 15. Ncb5 Be5 16. Nc7 Bxc7 17. Rxc7 Qd6 18. Qc2 Rab8 19. Rc1 a6 20. Qc3 Nb6 21. Qc5 Qxc5 22. R1xc5 Bd7 23. a4 Rbc8 24. a5 Na8 25. Rxc8 Rxc8 26. Ba3 Rxc5 27. Bxc5 Nc7 28. dxe4 dxe4 29. Bc4 Ncd5 30. b4 g6 31. b5 axb5 32. Nxb5 Kg7 33. Nd6 Bc6 34. g4 Nd7 35. Bd4+ 1-0

[Event "January 9 Late 2024"]
[Site "https://www.chess.com"]
[Date "2024.01.09"]
[Round "1"]
[White "Cardozo Munar, Carlos Eduardo"]
[Black "Pinheiro, Iung Alicio de O."]
[Result "0-1"]
[Board "203"]
[TimeControl "180+1"]
[WhiteFideId "4409477"]
[BlackFideId "2104350"]
[WhiteElo "2213"]
[BlackElo "2593"]
[WhiteTeam "COL"]
[BlackTeam "BRA"]
[WhiteClock "0:00:17"]
[BlackClock "0:00:14"]

1. d4 Nf6 2. Bg5 d5 3. Nd2 Nbd7 4. e3 h6 5. Bh4 c5 6. c3 e6 7. Bd3 Bd6 8. f4 b6 9. Ngf3 Bb7 10. Ne5 Qc7 11. a4 a6 12. O-O Ne4 13. Qh5 Ndf6 14. Nxe4 Nxh5 15. Nxd6+ Qxd6 16. f5 O-O 17. f6 Nxf6 18. Bxf6 gxf6 19. Rxf6 Kg7 20. Raf1 Qc7 21. R1f3 Qe7 22. R6f4 f5 23. Rg3+ Kh7 24. Rh3 Rg8 25. Rfh4 Qf6 26. Kf2 Rg5 27. g4 Rf8 28. gxf5 Rxf5+ 29. Ke2 c4 30. Bxf5+ Qxf5 31. Rxh6+ Kg7 32. R6h4 Qf1+ 33. Kd2 Rf2# 0-1

[Event "January 9 Late 2024"]
[Site "https://www.chess.com"]
[Date "2024.01.09"]
[Round "1"]
[White "Roberson, Peter T"]
[Black "Palmer, Reegan"]
[Result "1-0"]
[Board "204"]
[TimeControl "180+1"]
[WhiteFideId "412384"]
[BlackFideId "14322145"]
[WhiteElo "2592"]
[BlackElo "2213"]
[WhiteTeam "ENG"]
[BlackTeam "RSA"]
[WhiteClock "0:00:15"]
[BlackClock "0:00:09"]

1. b3 Nf6 2. Bb2 g6 3. Bxf6 exf6 4. c4 Bg7 5. Nc3 c6 6. g3 f5 7. Bg2 d6 8. Nf3 Nd7 9. O-O O-O 10. d4 Nf6 11. Qc2 Re8 12. e3 Ne4 13. Nd2 d5 14. cxd5 cxd5 15. Rac1 Be6 16. Qb2 Rc8 17. Ne2 Qd6 18. Nf4 g5 19. Nd3 Bd7 20. Rxc8 Rxc8 21. Rc1 Rc7 22. Nf3 f4 23. gxf4 gxf4 24. Nxf4 Bg4 25. Ne5 Rxc1+ 26. Qxc1 Bxe5 27. dxe5 Qxe5 28. f3 Nc3 29. fxg4 Qxf4 30. Qxc3 Qxg4 31. Qd4 Qe2 32. h3 Qe1+ 33. Kh2 b6 34. Bxd5 Qf2+ 35. Bg2 Qxa2 36. b4 a5 37. Qxb6 Qb2 38. bxa5 Qe5+ 39. Kg1 Qa1+ 40. Kf2 Qa2+ 41. Kg3 Qa1 42. Qb8+ Kg7 43. Qc7 Qa3 44. Qe5+ Kg8 45. Kh2 Qa4 46. Qg3+ Kf8 47. Qd6+ Kg8 48. Qd8+ Kg7 49. Qd4+ Kf8 50. Qxa4 Ke7 51. a6 Kf6 52. a7 Kg7 53. a8=Q f5 54. Qd7+ Kh6 55. Qac6+ Kh5 56. Qxh7+ Kg5 57. Qcg6# 1-0

[Event "January 9 Late 2024"]
[Site "https://www.chess.com"]
[Date "2024.01.09"]
[Round "1"]
[White "Keller, Peter"]
[Black "Kashefi, Amir Hosein"]
[Result "1-0"]
[Board "205"]
[TimeControl "180+1"]
[WhiteFideId "1272105"]
[BlackFideId "12557935"]
[WhiteElo "2210"]
[BlackElo "2592"]
[WhiteTeam "GER"]
[BlackTeam "IRI"]
[WhiteClock "0:00:13"]
[BlackClock "0:00:00"]

1. e4 c6 2. d4 d5 3. e5 Bf5 4. Nd2 e6 5. Nb3 Ne7 6. Nf3 Nd7 7. Be2 c5 8. Nxc5 Nxc5 9. dxc5 Nc6 10. Be3 Qc7 11. O-O Be7 12. Bb5 O-O 13. Bxc6 bxc6 14. b4 a5 15. a3 Bg4 16. Bd4 axb4 17. axb4 Rxa1 18. Bxa1 Ra8 19. h3 Bh5 20. Qd3 Bg6 21. Qb3 Qa7 22. Bd4 Qb8 23. Ra1 Rxa1+ 24. Bxa1 h6 25. Bb2 Qa8 26. Nd4 Qa6 27. Qa3 Qb7 28. Bc3 Bg5 29. Qa4 Kh7 30. Nxc6 f6 31. exf6 Be8 32. b5 gxf6 33. Nd4 Bf4 34. c6 Qb6 35. Nxe6 1-0

[Event "January 9 Late 2024"]
[Site "https://www.chess.com"]
[Date "2024.01.09"]
[Round "1"]
[White "Kochiev, Ivan"]
[Black "Sailer, Mike"]
[Result "1-0"]
[Board "206"]
[TimeControl "180+1"]
[WhiteFideId "2917890"]
[BlackFideId "2012901"]
[WhiteElo "2592"]
[BlackElo "2209"]
[WhiteTeam "BUL"]
[BlackTeam "USA"]
[WhiteClock "0:00:46"]
[BlackClock "0:00:06"]

1. e4 d5 2. exd5 Qxd5 3. Nf3 Bg4 4. Be2 Nc6 5. d4 O-O-O 6. c4 Qf5 7. Be3 e5 8. d5 Nf6 9. Nc3 e4 10. Nd4 Nxd4 11. Qxd4 b6 12. Bxg4 Qxg4 13. O-O Bc5 14. Qd2 Bxe3 15. Qxe3 Rhe8 16. b4 Re5 17. h3 Qh4 18. a4 g5 19. f4 gxf4 20. Qxf4 Qxf4 21. Rxf4 Rd6 22. Raf1 Nh5 23. Rxe4 Rg5 24. Rxf7 Rdg6 25. g4 Nf6 26. Ree7 Nxg4 27. hxg4 Rxg4+ 28. Kf1 Rxc4 29. Nb5 Rh6 30. Nxa7+ Kb8 31. Nc6+ Kc8 32. Re8+ Kb7 33. Rb8+ Ka6 34. b5# 1-0

[Event "January 9 Late 2024"]
[Site "https://www.chess.com"]
[Date "2024.01.09"]
[Round "1"]
[White "Ferriz Barrios, Andres"]
[Black "Filipets, Egor"]
[Result "0-1"]
[Board "207"]
[TimeControl "180+1"]
[WhiteFideId "5104467"]
[BlackFideId "13503928"]
[WhiteElo "2208"]
[BlackElo "2591"]
[WhiteTeam "MEX"]
[BlackTeam "BLR"]
[WhiteClock "0:02:08"]
[BlackClock "0:01:52"]

1. e4 d6 2. d4 Nf6 3. Nc3 g6 4. Bf4 c6 5. Qd2 b5 6. f3 Nbd7 7. O-O-O Qa5 8. Kb1 b4 9. Nce2 Nb6 10. Ng3 Be6 11. b3 h5 12. N1e2 h4 13. Nc1 hxg3 14. Bxg3 Bh6 15. Bf4 Bxf4 16. Qxf4 O-O-O 17. Nd3 c5 18. dxc5 dxc5 19. Qe5 Nfd7 20. Qg5 Rde8 21. Be2 Rh5 22. Qe3 c4 23. Nb2 c3 24. Nd3 Qa3 25. Qd4 Ra5 26. Nxb4 Qb2# 0-1

[Event "January 9 Late 2024"]
[Site "https://www.chess.com"]
[Date "2024.01.09"]
[Round "1"]
[White "Siniauski, Artsiom"]
[Black "Abdi, Farzad"]
[Result "1-0"]
[Board "208"]
[TimeControl "180+1"]
[WhiteFideId "13512269"]
[BlackFideId "2076829"]
[WhiteElo "2591"]
[BlackElo "2204"]
[WhiteTeam "FID"]
[BlackTeam "USA"]
[WhiteClock "0:00:42"]
[BlackClock "0:00:25"]

1. e4 e5 2. Nf3 Nc6 3. Bb5 Nf6 4. Bxc6 dxc6 5. d3 Bc5 6. b3 Bg4 7. Bb2 Bd4 8. Bxd4 exd4 9. Nbd2 c5 10. h3 Be6 11. Nf1 O-O 12. Ng3 a5 13. a4 c6 14. O-O b5 15. Qd2 h6 16. Rfe1 Qb6 17. e5 Nd5 18. Ne4 f6 19. exf6 Nxf6 20. Nxf6+ Rxf6 21. Ne5 Raf8 22. axb5 cxb5 23. Qxa5 Qxa5 24. Rxa5 Rxf2 25. Ng6 R8f6 26. Ra8+ Kf7 27. Ne5+ Ke7 28. Ng4 Rxc2 29. Ra7+ Kd6 30. Nxf6 Bxb3 31. Ra6+ Kc7 32. Re7+ Kb8 33. Nd7+ Kc7 34. Ne5+ Kb8 35. Nc6+ Kc8 36. Ra8# 1-0

[Event "January 9 Late 2024"]
[Site "https://www.chess.com"]
[Date "2024.01.09"]
[Round "1"]
[White "Bullen, Alex"]
[Black "Hamblok, Roel"]
[Result "0-1"]
[Board "209"]
[TimeControl "180+1"]
[WhiteFideId "1801627"]
[BlackFideId "209317"]
[WhiteElo "2202"]
[BlackElo "2590"]
[WhiteTeam "WLS"]
[BlackTeam "BEL"]
[WhiteClock "0:01:17"]
[BlackClock "0:00:40"]

1. d4 Nf6 2. Nf3 d5 3. c4 e6 4. e3 b6 5. b3 Bb7 6. Bb2 Nbd7 7. Bd3 Bd6 8. O-O O-O 9. Ne5 dxc4 10. bxc4 Bxe5 11. dxe5 Ne4 12. Qg4 Ndc5 13. Bc2 Qg5 14. Qh3 Rad8 15. Nc3 Rd2 16. Rac1 Rfd8 17. f4 Qg6 18. Qh4 Qxg2# 0-1

[Event "January 9 Late 2024"]
[Site "https://www.chess.com"]
[Date "2024.01.09"]
[Round "1"]
[White "Avila Bautista, Roberto Al"]
[Black "Piscicelli, Daniel Orlando"]
[Result "1-0"]
[Board "210"]
[TimeControl "180+1"]
[WhiteFideId "5119987"]
[BlackFideId "101958"]
[WhiteElo "2585"]
[BlackElo "2188"]
[WhiteTeam "MEX"]
[BlackTeam "ARG"]
[WhiteClock "0:01:36"]
[BlackClock "0:00:08"]

1. Nf3 Nf6 2. b3 g6 3. Bb2 Bg7 4. c4 O-O 5. g3 c5 6. Bg2 Nc6 7. O-O d6 8. Nc3 Bf5 9. d4 cxd4 10. Nxd4 Nxd4 11. Qxd4 Qc7 12. Nd5 Qd7 13. Rfd1 Nh5 14. Qd2 Bxb2 15. Qxb2 Be6 16. c5 Bxd5 17. Rxd5 Nf6 18. Rd2 Qe6 19. cxd6 exd6 20. Bxb7 Rab8 21. Bf3 Rfd8 22. Rad1 Rb6 23. h4 Nd7 24. Qa3 a6 25. Rxd6 Rxd6 26. Qxd6 Qxd6 27. Rxd6 Kf8 28. Bc6 Ke7 29. Rxd7+ Rxd7 30. Bxd7 Kxd7 31. e4 Kd6 32. f4 Kc5 33. Kf2 Kd4 34. Kf3 a5 35. e5 Kc3 36. g4 Kb2 37. f5 Kxa2 38. e6 fxe6 39. fxe6 Kxb3 40. e7 a4 41. e8=Q a3 42. Qh8 Ka2 43. Qxh7 Kb1 44. Qxg6+ Kb2 45. Qf6+ Kb1 46. Qa6 a2 47. Qxa2+ Kxa2 48. h5 Kb3 49. h6 Kc4 50. h7 Kd5 51. h8=Q Ke6 52. Qh5 Kf6 53. Qf5+ Kg7 54. g5 Kh8 55. Qd7 Kg8 56. g6 Kh8 57. Qh7# 1-0

[Event "January 9 Late 2024"]
[Site "https://www.chess.com"]
[Date "2024.01.09"]
[Round "1"]
[White "Carvajal Gorgona, Jonathan"]
[Black "Olenik Campa, Rudi"]
[Result "1/2-1/2"]
[Board "211"]
[TimeControl "180+1"]
[WhiteFideId "6500625"]
[BlackFideId "14633264"]
[WhiteElo "2177"]
[BlackElo "2585"]
[WhiteTeam "CRC"]
[BlackTeam "SLO"]
[WhiteClock "0:00:05"]
[BlackClock "0:00:12"]

1. e4 c5 2. Nc3 Nc6 3. f4 g6 4. Nf3 Bg7 5. Bb5 Nd4 6. Bd3 d6 7. Nxd4 cxd4 8. Ne2 e5 9. O-O Ne7 10. c3 O-O 11. cxd4 Qb6 12. Kh1 exd4 13. Bc4 Be6 14. Bxe6 fxe6 15. d3 d5 16. Qb3 Qxb3 17. axb3 a6 18. Bd2 Rac8 19. Rac1 dxe4 20. dxe4 Rfd8 21. Rxc8 Rxc8 22. Rc1 Rxc1+ 23. Nxc1 Nc6 24. Nd3 b6 25. g4 Kf7 26. Kg2 Bf8 27. Kf3 Bc5 28. h4 h5 29. f5 exf5 30. exf5 gxf5 31. gxf5 Kf6 32. Ke4 Ne7 33. Bg5+ Kf7 34. Bxe7 Bxe7 35. Kxd4 Bxh4 36. Ke5 Bf6+ 37. Kf4 Ke7 38. Nb4 Bxb2 39. Nd5+ Kf7 40. Nxb6 Bc1+ 41. Ke4 h4 42. Kf3 h3 43. Kg3 Kf6 44. Kxh3 Kxf5 45. Nd7 Bd2 46. Nb8 a5 47. Nc6 Ke6 48. Nxa5 Bxa5 49. b4 Bxb4 1/2-1/2

[Event "January 9 Late 2024"]
[Site "https://www.chess.com"]
[Date "2024.01.09"]
[Round "1"]
[White "Kovacsy, Barnabas"]
[Black "Ferrufino, Boris"]
[Result "1-0"]
[Board "212"]
[TimeControl "180+1"]
[WhiteFideId "769290"]
[BlackFideId "3300170"]
[WhiteElo "2584"]
[BlackElo "2173"]
[WhiteTeam "HUN"]
[BlackTeam "BOL"]
[WhiteClock "0:00:57"]
[BlackClock "0:00:08"]

1. e4 c5 2. Nf3 d6 3. d4 cxd4 4. Nxd4 Nf6 5. f3 e5 6. Nb3 d5 7. Bg5 Be6 8. Bxf6 gxf6 9. exd5 Qxd5 10. Qxd5 Bxd5 11. Nc3 Bb4 12. O-O-O Bxb3 13. axb3 Bxc3 14. bxc3 Ke7 15. Bc4 Nc6 16. Rd2 Rad8 17. Rhd1 Rxd2 18. Rxd2 h5 19. b4 a6 20. Re2 f5 21. Bd3 Kf6 22. Kb2 h4 23. Bc4 Rd8 24. Kc1 Ne7 25. Bb3 Nc6 26. Ba4 Ne7 27. c4 Rc8 28. Bb3 Nc6 29. c3 Rd8 30. Kc2 f4 31. c5 Ne7 32. Rd2 Rxd2+ 33. Kxd2 Nc6 34. Bd5 Ke7 35. Kd3 f5 36. Kc4 Kf6 37. b5 axb5+ 38. Kxb5 Nd8 39. Kb6 e4 40. fxe4 Ke5 41. Bxb7 fxe4 42. c6 Nxc6 43. Bxc6 h3 44. gxh3 f3 45. Kc5 Kf4 46. Kd4 e3 47. Kd3 e2 48. Kd2 1-0

[Event "January 9 Late 2024"]
[Site "https://www.chess.com"]
[Date "2024.01.09"]
[Round "1"]
[White "Varela La Madrid, Maria"]
[Black "Rodriguez Fontecha, Marcos"]
[Result "0-1"]
[Board "213"]
[TimeControl "180+1"]
[WhiteFideId "3903346"]
[BlackFideId "2256576"]
[WhiteElo "2171"]
[BlackElo "2578"]
[WhiteTeam "VEN"]
[BlackTeam "ESP"]
[WhiteClock "0:01:01"]
[BlackClock "0:00:13"]

1. d4 d5 2. Bf4 Nf6 3. Nf3 c5 4. e3 Nc6 5. c3 Qb6 6. Qb3 c4 7. Qc2 Bf5 8. Qc1 e6 9. Be2 h6 10. Nbd2 Qd8 11. b3 b5 12. O-O Be7 13. a4 a6 14. axb5 axb5 15. bxc4 bxc4 16. Rxa8 Qxa8 17. Qb2 O-O 18. Ra1 Qc8 19. Qb6 Nd7 20. Qa6 f6 21. e4 dxe4 22. Ne1 Qxa6 23. Rxa6 e5 24. Rxc6 exf4 25. Bxc4+ Kh7 26. Rc7 Rb8 27. Kf1 e3 28. fxe3 fxe3 29. Ndf3 Rb2 30. Bd3 Rf2+ 31. Kg1 Bxd3 32. Nxd3 Rd2 33. Nde1 Nb6 34. Rxe7 Nd5 35. Re4 Re2 36. c4 Nc3 37. Re7 Kg8 38. d5 Kf8 39. d6 Rd2 40. Rxe3 Ne2+ 41. Rxe2 Rxe2 42. c5 Ke8 43. Nd3 Kd7 44. Nd4 Rd2 45. c6+ Kxd6 46. Nf5+ Kxc6 47. Nf4 g5 48. Nh5 Kd5 49. h3 Ke5 50. Nfg3 f5 51. Nf1 Ra2 52. Nhg3 f4 53. Ne2 Rxe2 54. Nh2 Ra2 55. Ng4+ Ke4 56. Nxh6 f3 57. Ng4 Rxg2+ 58. Kf1 Rxg4 59. hxg4 Kf4 60. Kf2 Kxg4 61. Ke3 Kg3 62. Ke4 f2 63. Ke3 f1=Q 64. Ke4 Qf7 65. Ke3 Qe6+ 66. Kd4 Kf3 67. Kc3 g4 68. Kb4 g3 69. Kc5 g2 70. Kb5 g1=Q 71. Ka4 Qb1 72. Ka3 Qeb3# 0-1

[Event "January 9 Late 2024"]
[Site "https://www.chess.com"]
[Date "2024.01.09"]
[Round "1"]
[White "Asish Panda"]
[Black "Glashausser, Sho"]
[Result "1-0"]
[Board "214"]
[TimeControl "180+1"]
[WhiteFideId "45012458"]
[BlackFideId "30908329"]
[WhiteElo "2578"]
[BlackElo "2169"]
[WhiteTeam "IND"]
[BlackTeam "USA"]
[WhiteClock "0:00:14"]
[BlackClock "0:00:00"]

1. e4 c6 2. c4 d5 3. exd5 cxd5 4. cxd5 Nf6 5. Nf3 Nxd5 6. Nc3 Nc6 7. d4 g6 8. Bc4 Be6 9. Bb3 Bg7 10. O-O O-O 11. Re1 Nxc3 12. bxc3 Bxb3 13. axb3 e6 14. Bf4 a6 15. Qd2 Re8 16. Rad1 Na5 17. Qa2 Rc8 18. c4 Qb6 19. Bd2 Nc6 20. Bc3 Rcd8 21. Kh1 Rd7 22. Qd2 Qxb3 23. c5 Qd5 24. Qf4 Qh5 25. Ng5 h6 26. Ne4 Kh8 27. Nd6 Rf8 28. Re3 Ne7 29. Ree1 Nd5 30. Qf3 Nxc3 31. Qxc3 b6 32. Qc4 bxc5 33. dxc5 Rc7 34. c6 1-0

[Event "January 9 Late 2024"]
[Site "https://www.chess.com"]
[Date "2024.01.09"]
[Round "1"]
[White "Tqebuchava, Zurab"]
[Black "Espinoza Villanueva, Rodrigo"]
[Result "0-1"]
[Board "215"]
[TimeControl "180+1"]
[WhiteFideId "13601113"]
[BlackFideId "5140188"]
[WhiteElo "2168"]
[BlackElo "2577"]
[WhiteTeam "GEO"]
[BlackTeam "MEX"]
[WhiteClock "0:00:00"]
[BlackClock "0:00:20"]

1. e4 c5 2. Nf3 d6 3. Bb5+ Nd7 4. O-O Nf6 5. Re1 g6 6. h3 Bg7 7. c3 a6 8. Bf1 O-O 9. d4 cxd4 10. cxd4 b5 11. e5 Nd5 12. exd6 exd6 13. Bg5 N7f6 14. Nbd2 Bb7 15. g3 h6 16. Bxf6 Bxf6 17. Bg2 Bg7 18. h4 Re8 19. Qb3 Qb6 20. Rad1 Rac8 21. Ne4 Kh7 22. h5 Qc7 23. hxg6+ fxg6 24. Rc1 Qd7 25. Rxc8 Qxc8 26. Nxd6 Rxe1+ 27. Nxe1 Qe6 28. Nxb7 Qxe1+ 29. Kh2 Nf6 30. Qf3 Qe6 31. b3 Ng4+ 32. Kg1 h5 33. Qe4 Qxe4 34. Bxe4 Bxd4 35. Nd6 Nxf2 36. Kg2 Nxe4 37. Nxe4 Kh6 38. Kf3 g5 39. Nd6 Kg6 40. Ne8 Bb6 41. Nd6 Bc7 42. Ne4 Kf5 43. Nc5 a5 44. a4 bxa4 45. bxa4 g4+ 46. Kg2 Bb6 47. Nd3 Be3 48. Nb2 Bd4 49. Nc4 Bc3 50. Nd6+ Ke5 51. Nf7+ Kd5 52. Nh6 Kc4 53. Nf5 Kb4 54. Ne3 Kxa4 55. Nd5 Be5 0-1

[Event "January 9 Late 2024"]
[Site "https://www.chess.com"]
[Date "2024.01.09"]
[Round "1"]
[White "Banerjee, Supratit"]
[Black "Vila Dupla, Aurelio"]
[Result "1-0"]
[Board "216"]
[TimeControl "180+1"]
[WhiteFideId "2410079"]
[BlackFideId "2203383"]
[WhiteElo "2577"]
[BlackElo "2166"]
[WhiteTeam "SCO"]
[BlackTeam "ESP"]
[WhiteClock "0:00:55"]
[BlackClock "0:00:00"]

1. e4 c5 2. c3 d5 3. exd5 Qxd5 4. d4 Nf6 5. Nf3 Bg4 6. Nbd2 Nc6 7. Bc4 Bxf3 8. Qb3 Na5 9. Qa4+ Qd7 10. Qxd7+ Nxd7 11. gxf3 Nxc4 12. Nxc4 cxd4 13. cxd4 g6 14. O-O Bg7 15. Rd1 Rc8 16. Na3 Nb6 17. Be3 Nd5 18. Rac1 O-O 19. Nc4 b6 20. Nd2 Rfd8 21. Ne4 h6 22. Nc3 Nxe3 23. fxe3 e5 24. d5 e4 25. fxe4 Bxc3 26. Rxc3 Rxc3 27. bxc3 f6 28. Kf2 Kf7 29. c4 Ke7 30. Kf3 Kd6 31. Ke2 Ke5 32. Kd3 f5 33. exf5 gxf5 34. a4 Rg8 35. a5 bxa5 36. Ra1 Rg2 37. Rxa5 Rxh2 38. Rxa7 Rh3 39. Re7+ Kd6 40. Re6+ Kd7 41. Rf6 Rf3 42. c5 h5 43. Rf7+ Ke8 44. Rh7 f4 45. Rxh5 Rxe3+ 46. Kd4 Re1 47. d6 f3 48. Rf5 Rd1+ 49. Kc4 Rc1+ 50. Kd5 Rc3 51. Kc6 1-0